Map: Acolyte LE

Players

SamuraiFunn - Winner!

  • Race: Protoss Protoss
  • Spawn Location: 7:00

A.I. 1 (Harder)

  • Race: Zerg Zerg
  • Spawn Location: 1:00

VOD

Have the link to the VOD?

Description

Time

  • Played on: Oct. 28, 2017, 1:58 p.m.
  • Length: 14:11
Show
View Real Time Build Order
Export as new Build Order

SamuraiFunn Protoss - Winner!

Build Orders:  

Get SALT Encoding   

  12  0:02  Probe (Chrono Boost)  
  13  0:12  Probe (Chrono Boost)  
  14  0:19  Pylon  
  14  0:24  Probe (Chrono Boost)  
  15  0:37  Probe (Chrono Boost)  
  16  0:44  Gateway  
  16  0:48  Probe (Chrono Boost)  
  17  0:59  Gateway  
  17  1:07  Assimilator  
  17  1:17  Probe (Chrono Boost)  
  18  1:25  Forge  
  18  1:30  Probe (Chrono Boost)  
  19  1:34  Zealot  
  21  1:41  Probe (Chrono Boost)  
  21  1:45  Pylon  
  22  1:55  Pylon  
  22  2:03  Assimilator, Zealot  
  22  2:04  Zealot  
  26  2:15  Gateway  
  26  2:30  Cybernetics Core  
  26  2:31  Zealot  
  26  2:35  Probe (Chrono Boost)  
  29  2:39  Zealot  
  31  2:45  Protoss Ground Weapons Level 1  
  31  2:54  Probe (Chrono Boost)  
  32  3:05  Probe (Chrono Boost)  
  33  3:27  Nexus  
  32  3:54  Probe (Chrono Boost)  
  33  3:59  Pylon  
  33  4:05  Probe (Chrono Boost), Zealot x2  
  38  4:15  Probe (Chrono Boost)  
  39  4:17  Zealot  
  39  4:19  Twilight Council  
  41  4:26  Probe (Chrono Boost), Pylon  
  42  4:32  Pylon  
  42  4:35  Zealot  
  42  4:36  Probe (Chrono Boost)  
  45  4:41  Protoss Ground Armor Level 1  
  45  4:47  Probe (Chrono Boost)  
  45  4:50  Probe (Chrono Boost)  
  47  4:58  Probe (Chrono Boost)  
  48  5:01  Probe (Chrono Boost)  
  48  5:03  Gateway  
  48  5:05  Adept  
  51  5:24  Adept  
  51  5:25  Adept  
  55  5:33  Adept  
  57  5:49  Probe (Chrono Boost)  
  58  5:51  Adept  
  60  6:00  Probe (Chrono Boost), Robotics Facility  
  60  6:01  Robotics Facility  
  61  6:07  Pylon  
  61  6:10  Probe (Chrono Boost)  
  62  6:13  Assimilator  
  62  6:14  Adept  
  62  6:15  Adept  
  62  6:18  Assimilator  
  66  6:21  Probe (Chrono Boost)  
  67  6:32  Probe (Chrono Boost)  
  68  6:35  Protoss Shields Level 1  
  68  6:44  Probe (Chrono Boost)  
  63  6:55  Probe (Chrono Boost), Nexus  
  64  7:04  Immortal x2  
  64  7:05  Probe (Chrono Boost)  
  73  7:15  Pylon  
  73  7:16  Probe (Chrono Boost)  
  73  7:20  Pylon  
  74  7:27  Robotics Facility  
  74  7:29  Robotics Facility  
  76  7:37  Adept x2  
  76  7:38  Adept  
  76  7:39  Adept  
  82  7:50  Probe (Chrono Boost)  
  83  7:59  Immortal x2  
  83  8:00  Probe (Chrono Boost)  
  83  8:04  Adept x2  
  98  8:05  Adept  
  98  8:09  Probe (Chrono Boost)  
  98  8:11  Probe (Chrono Boost)  
  100  8:19  Probe (Chrono Boost)  
  101  8:21  Probe (Chrono Boost)  
  102  8:30  Probe (Chrono Boost)  
  103  8:36  Observer x2  
  103  8:38  Immortal x2  
  103  8:40  Probe (Chrono Boost)  
  114  8:49  Probe (Chrono Boost)  
  114  8:53  Assimilator  
  115  9:00  Probe (Chrono Boost)  
  115  9:01  Assimilator  
  116  9:10  Probe (Chrono Boost)  
  116  9:13  Pylon  
  116  9:14  Pylon  
  117  9:30  Pylon  
  117  9:31  Probe (Chrono Boost), Adept x3  
  117  9:32  Adept  
  126  9:42  Probe (Chrono Boost)  
  127  9:48  Immortal x3  
  139  9:54  Pylon  
  139  9:58  Adept  
  141  10:00  Pylon  
  141  10:12  Immortal, Adept x2  
  121  11:18  Adept x3  
  129  11:20  Immortal x4  
  145  11:39  Adept  
  145  11:45  Adept x3  
  151  11:59  Immortal x2  
  155  12:01  Immortal  
  155  12:06  Immortal  
  155  12:12  Adept  
  157  12:29  Adept  
  156  12:40  Adept  
  156  12:44  Adept  
  156  12:47  Adept  
  157  13:09  Adept  
Show
View Real Time Build Order
Export as new Build Order

A.I. 1 (Harder) Zerg 

Build Orders: Pool First 

Get SALT Encoding   

  12  0:00  Drone  
  13  0:12  Overlord  
  13  0:17  Drone  
  14  0:30  Drone x2  
  16  0:44  Spawning Pool  
  16  0:45  Drone  
  16  0:50  Drone  
  16  0:53  Extractor  
  16  0:55  Drone  
  17  1:06  Overlord  
  17  1:31  Zergling x2, Queen  
  20  1:37  Zergling x2, Roach Warren  
  20  1:38  Drone  
  21  1:44  Extractor  
  20  1:49  Drone  
  21  1:59  Drone  
  22  2:10  Zergling x2  
  23  2:21  Drone  
  24  2:31  Overlord  
  24  2:37  Lair  
  24  2:38  Zergling x2, Drone  
  26  3:10  Zergling x2  
  27  3:16  Overlord  
  27  3:17  Zergling x2  
  28  3:33  Zergling x2  
  29  3:36  Drone, Infestation Pit  
  29  3:42  Hydralisk Den  
  28  3:50  Drone  
  29  4:02  Metabolic Boost  
  29  4:11  Hydralisk  
  29  4:12  Drone  
  29  4:15  Drone  
  33  4:18  Infestor  
  33  4:20  Drone  
  36  4:24  Drone, Infestor  
  38  4:32  Infestor  
  40  4:43  Overlord  
  40  4:45  Drone x2  
  42  4:57  Infestor  
  42  4:58  Drone, Evolution Chamber  
  44  5:05  Drone  
  45  5:16  Hydralisk  
  45  5:18  Baneling Nest  
  45  5:19  Drone  
  47  5:55  Overlord  
  47  5:56  Roach  
  49  6:02  Roach  
  51  6:05  Hatchery  
  51  6:08  Zerg Melee Weapons Level 1, Roach  
  52  6:14  Overlord  
  52  6:15  Roach  
  54  6:21  Roach  
  56  6:27  Hydralisk  
  58  6:45  Zergling x2  
  52  6:51  Hydralisk  
  50  6:57  Hydralisk  
  52  7:17  Drone x2  
  52  7:18  Drone x2  
  52  7:21  Drone  
  57  7:24  Drone x3  
  57  7:26  Extractor  
  57  7:27  Drone  
  57  7:28  Extractor  
  59  7:32  Burrow  
  59  7:33  Drone  
  60  7:38  Drone  
  61  7:44  Drone  
  61  7:48  Drone  
  63  7:55  Drone, Roach  
  63  7:56  Overlord  
  66  7:59  Drone  
  66  8:02  Zerg Missile Weapons Level 1  
  67  8:06  Roach  
  71  8:13  Roach  
  71  8:16  Overlord  
  71  8:21  Drone  
  72  8:27  Hydralisk, Drone  
  72  8:33  Hydralisk, Drone, Spore Crawler  
  77  8:34  Drone  
  77  8:39  Overlord  
  78  8:42  Drone  
  78  8:44  Overseer, Spore Crawler  
  78  8:46  Overseer  
  78  8:49  Spore Crawler  
  78  8:50  Drone  
  78  8:53  Drone  
  78  8:55  Spore Crawler  
  78  8:59  Drone x2, Roach  
  78  9:01  Drone  
  83  9:03  Drone  
  83  9:09  Spine Crawler  
  83  9:12  Drone  
  83  9:13  Spine Crawler  
  83  9:14  Drone  
  84  9:21  Spine Crawler  
  84  9:23  Drone  
  84  9:25  Drone, Spine Crawler  
  84  9:31  Drone, Roach, Overlord  
  87  9:36  Queen  
  87  9:37  Hydralisk  
  91  9:42  Queen  
  93  9:50  Drone, Spire  
  93  9:55  Evolution Chamber  
  93  9:56  Zerg Ground Armor Level 1  
  92  10:05  Hatchery  
  91  10:12  Pneumatized Carapace  
  91  10:19  Hydralisk  
  93  10:22  Overlord  
  93  10:25  Hydralisk  
  93  10:28  Drone  
  96  10:32  Zergling x2  
  96  10:45  Overseer  
  94  10:54  Pathogen Glands  
  78  10:57  Roach  
  78  11:01  Roach  
  62  11:04  Roach  
  62  11:07  Hydralisk  
  66  11:12  Roach  
  66  11:15  Roach  
  70  11:19  Roach  
  70  11:22  Hydralisk  
  74  11:25  Hydralisk  
  74  11:29  Hydralisk, Ravager  
  79  11:33  Hydralisk, Ravager  
  79  11:37  Roach  
  79  11:39  Drone  
  85  11:41  Drone, Roach  
  85  11:43  Drone  
  85  11:44  Zergling x2, Infestor  
  85  11:46  Zergling x2  
  91  11:48  Zergling x2  
  91  11:50  Zergling x2  
  91  11:53  Ravager  
  88  11:56  Infestor  
  76  12:06  Roach  
  56  12:08  Hydralisk x2  
  56  12:10  Hydralisk, Zergling x2  
  56  12:13  Hydralisk  
  56  12:14  Hydralisk  
  57  12:16  Hydralisk  
  57  12:22  Hatchery  
  53  12:30  Roach  
  53  12:34  Mutalisk  
  51  12:38  Spawning Pool, Mutalisk  
  30  13:19  Hatchery  
  19  13:29  Drone x2  
  19  13:34  Hatchery  
Tags
 
Matchup
PvZ
Opening
Pool First
Replay Pack
First 100 games
Spawn Locations
Cross Positions
Add a new tag
Caveats
  • Supply blocks, unpowered buildings, or Contaminate may cause inaccurate times.
  • Supply counts are checked every 10 seconds.